 Dungeon Crawl Stone Soup version 0.21.1-1-g345015f (webtiles) character file.

130 inc the Caller (level 4, 18/18 HPs)
             Began as a Felid Wizard on Feb 22, 2018.
             Quit the game on level 4 of the Dungeon.
             The game lasted 00:10:22 (4306 turns).

inc the Caller (Felid Wizard)                       Turns: 4306, Time: 00:10:23

Health: 18/18      AC:  1    Str:  3    XL:     4   Next: 89%
Magic:  18/18      EV: 17    Int: 21    God:
Gold:   158        SH:  0    Dex: 14    Spells: 6/9 levels left
                                        Lives:  0   Deaths: 1

rFire    . . .     SeeInvis +   (weapon unavailable)
rCold    . . .     Gourm    .   (shield unavailable)
rNeg     . . .     Faith    .   (armour unavailable)
rPois    .         Spirit   .   (helmet unavailable)
rElec    .         Reflect  .   (cloak unavailable)
rCorr    .         Harm     .   (gloves unavailable)
MR       .....                  (boots unavailable)
Stlth    +++.......             (no amulet)
HPRegen  0.06/turn              j - ring of magical power
MPRegen  0.16/turn              (no ring)

@: quick
A: very small, no armour, no weapons or thrown items, stealth, claws 1, fangs 3,
see invisible, carnivore, speed 1, shaggy fur 1, slow metabolism 1, sharp paws
a: no special abilities


You were on level 4 of the Dungeon.
You were not hungry.

You visited 1 branch of the dungeon, and saw 5 of its levels.

You collected 158 gold pieces.

Inventory:

Jewellery
 j - a ring of magical power (left paw)
Scrolls
 c - a scroll of enchant weapon {unknown}
 d - a scroll of noise {unknown}
 e - 3 scrolls of enchant armour {unknown}
 i - 2 scrolls of remove curse
 l - 2 scrolls of teleportation {unknown}
 m - a scroll of amnesia {unknown}
 n - 3 scrolls of identify
Potions
 f - a potion of invisibility
 g - a potion of might
 h - 2 potions of flight
 k - 2 potions of mutation {unknown}
 o - a potion of cancellation {unknown}
 p - a potion of heal wounds {unknown}
Books
 a - a book of Minor Magic

   Spells                             Type                      Level
   a - Magic Dart                     Conjuration                  1
   b - Blink                          Translocation                2
   c - Call Imp                       Summoning                    2
   d - Slow                           Hexes                        2
   e - Conjure Flame                  Conjuration/Fire             3
   f - Mephitic Cloud                 Conjuration/Poison/Air       3
Comestibles
 b - 9 rations


   Skills:
 - Level 2.6 Dodging
 - Level 2.6 Stealth
 - Level 3.0 Spellcasting
 - Level 2.0 Conjurations
 + Level 5.5 Summonings
   Level 1.5 Translocations


You had 6 spell levels left.
You knew the following spells:

 Your Spells              Type           Power        Failure   Level  Hunger
a - Magic Dart            Conj           ##..         6%          1    None
b - Call Imp              Summ           ####....     1%          2    ##.....


Dungeon Overview and Level Annotations

Branches:
Dungeon (5/15)
 Temple: D:4-7

Altars:
Nemelex Xobeh

Shops:
D:4 [   D:5 [=


Innate Abilities, Weirdness & Mutations

You cannot wear armour.
You are incapable of wielding weapons or throwing items.
Your paws allow you to move quietly. (Stealth)
You have sharp claws.
You have razor-sharp teeth.
You have supernaturally acute eyesight. (SInv)
You are carnivorous and can eat meat at any time.
You cover ground quickly.
You are covered in fur. (AC +1)
You have a slow metabolism.
Your sharp claws are effective at attacking unaware monsters.


Message History

You swap places.
A dart slug comes into view.
A dart slug is nearby!
A worker ant comes into view.
The worker ant twitches its antennae in your direction.
The worker ant closely misses you. The worker ant completely misses you.
Found 19 stones.
Found a stone staircase leading up.
Your crimson imp blinks!
A giant cockroach comes into view.
You see here 19 stones.
You barely miss the giant cockroach. The giant cockroach misses you. x2
The giant cockroach misses you. The giant cockroach bites you.
Found a ration and 6 gold pieces.
Found 16 gold pieces.
An orc comes into view. It is wielding a mace.
The orc shouts!
Are you sure you want to abandon this character and quit the game? (Confirm with "yes".)

## #####.####
##........###
#...........##
##.
#............##
...
#.............#
##..
#....o$..@....##
####.#.
#..............#
##.....#
#.......sa....##
#.......
#.............#
........
#............##
.......ยง
##.$.........#
........
#...%......##
.....5..
#####...####
........ ##...##
........


You could see a worker ant, an orc and a giant cockroach.

Vanquished Creatures
  A worker ant (D:5)
  3 adders
  A dart slug (D:1)
  4 leopard geckos
  An orc (D:4)
  A ball python (D:4)
  2 giant cockroaches (D:4)
  3 goblins
  3 hobgoblins
  6 bats
  6 frilled lizards
  3 kobolds
  A leopard gecko skeleton (D:4)
  5 rats
40 creatures vanquished.

Vanquished Creatures (collateral kills)
  A scorpion (D:5)
  A crimson imp (D:4)
  Natasha (thrice) (D:2)
  2 worker ants
  5 adders
  An adder skeleton (D:4)
  A worm (D:2)
  2 dart slugs
  6 orcs
  A bat (D:3)
  2 hobgoblins (D:3)
  3 jackals (D:4)
  2 kobolds (D:3)
  2 quokkas (D:3)
32 creatures vanquished.

Vanquished Creatures (others)
  4 toadstools (D:1)
4 creatures vanquished.

Grand Total: 76 creatures vanquished

Notes
Turn   | Place    | Note
-------+----------+-------------------------------------------
     0 | D:1      | inc the Felid Wizard began the quest for the Orb.
     0 | D:1      | Reached XP level 1. HP: 7/7 MP: 5/5
    22 | D:1      | Reached skill level 1 in Conjurations
   263 | D:1      | Reached XP level 2. HP: 8/11 MP: 0/7
   267 | D:1      | Learned a level 2 spell: Call Imp
   922 | D:2      | Reached skill level 2 in Summonings
   922 | D:2      | Reached XP level 3. HP: 9/14 MP: 2/8
  1175 | D:2      | Found a sparkling altar of Nemelex Xobeh.
  1254 | D:2      | HP: 1/21 [poisoned by an adder]
  1671 | D:2      | Noticed Natasha
  1678 | D:2      | Killed Natasha
  1715 | D:2      | Noticed Natasha
  1723 | D:2      | Killed Natasha
  1723 | D:2      | Reached skill level 3 in Summonings
  1729 | D:2      | Noticed Natasha
  1732 | D:2      | Killed Natasha
  1732 | D:2      | Reached XP level 4. HP: 18/18 MP: 4/9
  1789 | D:2      | Found a faded altar of an unknown god.
  2304 | D:3      | Reached skill level 4 in Summonings
  3170 | D:4      | Reached XP level 5. HP: 21/21 MP: 10/10
  3232 | D:4      | Found Wan Uvvo's Armour Boutique.
  3639 | D:5      | Entered Level 5 of the Dungeon
  3648 | D:5      | Reached skill level 5 in Summonings
  3774 | D:5      | Found Ocvinops's Jewellery Shop.
  4085 | D:5      | Found Zainifawk's Armour Shop.
  4138 | D:4      | Noticed a phantom
  4166 | D:4      | Slain by a phantom
  4167 | D:4      | Reached XP level 4. HP: -2/18 MP: 8/18
  4306 | D:4      | Quit the game

Skill      XL: |  1  2  3  4  5 |
---------------+----------------+-----
Conjurations   | 2 |  2.0
Summonings     | 2 3 4 5 |  5.5
Dodging        | |  2.6
Stealth        | |  2.6
Spellcasting   | |  3.0
Translocations | |  1.5

Action                   |  1- 3 |  4- 6 || total
-------------------------+-------+-------++-------
Melee: Unarmed           |    13 |    81 ||    94
       Bite              |     1 |     2 ||     3
 Cast: Magic Dart        |    45 |    46 ||    91
       Call Imp          |    11 |    52 ||    63
  Use: Scroll            |     3 |     1 ||     4
       Potion            |     2 |       ||     2
 Stab: Sleeping          |     2 |     1 ||     3
       Distracted        |       |     1 ||     1
  Eat: Chunk             |       |     5 ||     5
       Ration            |       |     1 ||     1
Armor: Skin              |     1 |     6 ||     7
Dodge: Dodged            |    18 |   105 ||   123
